 Dungeon Crawl Stone Soup version 0.21.0-30-g47ce8e4 (webtiles) character file.

242 Monsterracer the Grave Robber (level 5, -1/28 HPs)
             Began as a Deep Elf Necromancer on Jan 28, 2018.
             Slain by an orc
             ... wielding a +0 hand axe
              (6 damage)
             ... on level 4 of the Dungeon.
             The game lasted 00:04:46 (3020 turns).

Monsterracer the Grave Robber (DENe)                Turns: 3020, Time: 00:04:47

Health: -1/28      AC:  2    Str:  5    XL:     5   Next: 81%
Magic:  14/14      EV: 13    Int: 21    God:
Gold:   157        SH:  0    Dex: 15    Spells: 2/14 levels left

rFire    . . .     SeeInvis .   d - +1 short sword (flame)
rCold    + . .     Gourm    .   (no shield)
rNeg     . . .     Faith    .   a - +0 robe
rPois    .         Spirit   .   (no helmet)
rElec    .         Reflect  .   (no cloak)
rCorr    .         Harm     .   (no gloves)
MR       .....                  (no boots)
Stlth    ++........             (no amulet)
HPRegen  0.09/turn              k - ring of protection from cold {!d}
MPRegen  0.14/turn              (no ring)

@: drained
A: no striking features
a: no special abilities


You were on level 4 of the Dungeon.
You were hungry.

You visited 1 branch of the dungeon, and saw 4 of its levels.

You collected 157 gold pieces.

Inventory:

Hand Weapons
 d - a +1 short sword of flaming (weapon)
 n - a +0 spear
Missiles
 m - a throwing net (quivered)
Armour
 a - a +0 robe (worn)
Jewellery
 k - a ring of protection from cold (left hand) {!d}
Scrolls
 e - a scroll of blinking
 g - a scroll of amnesia
Potions
 i - a potion of heal wounds
 l - a potion of curing {unknown}
 o - a potion of magic
 p - 2 potions of haste
Books
 c - a book of Necromancy

   Spells                             Type                      Level
   a - Pain                           Necromancy                   1
   b - Animate Skeleton               Necromancy                   1
   c - Vampiric Draining              Necromancy                   3
   d - Regeneration                   Charms/Necromancy            3
   e - Animate Dead                   Necromancy                   4
   f - Borgnjor's Vile Clutch         Necromancy/Earth             5
Comestibles
 b - 7 rations
 f - a chunk of flesh


   Skills:
 - Level 2.4(2.1) Dodging
 - Level 2.4(2.1) Stealth
 + Level 5.2(5.0) Spellcasting
 + Level 0.8(0.6) Charms
 * Level 7.4(7.1) Necromancy
 + Level 0.5(0.2) Earth Magic


You had 2 spell levels left.
You knew the following spells:

 Your Spells              Type           Power        Failure   Level  Hunger
a - Pain                  Necr           ####         1%          1    None
c - Vampiric Draining     Necr           #####.....   1%          3    ##.....
d - Borgnjor's Vile Clut  Necr/Erth      ###.......   54%         5    #####..
j - Regeneration          Chrm/Necr      ###.......   6%          3    ##.....


Dungeon Overview and Level Annotations

Branches:
Dungeon (4/15)
 Temple: D:4-7

Altars:
Trog

Shops:
D:4 ?

Annotations:
D:3 Grinder; adept's ghost, amateur HOBe
D:4 OnekoMk1's ghost, amateur DEAE


Message History

Okay, then.
Casting: Pain
Confirm with . or Enter, or press ? or * to list all spells.
Aiming: Pain
Press: ? - help, Shift-Dir - straight line, f - frilled lizard
Aim: a frilled lizard (chance to defeat MR: 93%)
The frilled lizard writhes in agony!
You kill the frilled lizard!
You take 1 damage, and have 27/28 hp.
You now have 13/14 mp.
Casting: Pain
Confirm with . or Enter, or press ? or * to list all spells.
Aiming: Pain
Press: ? - help, Shift-Dir - straight line, f - worker ant
Aim: a worker ant (chance to defeat MR: 89%)
The worker ant writhes in agony!
The worker ant completely misses you. The worker ant bites you.
You take 7 damage, and have 20/28 hp.
MASSIVE DAMAGE!!
You now have 12/14 mp.
Casting: Pain
Confirm with . or Enter, or press ? or * to list all spells.
Aiming: Pain
Press: ? - help, Shift-Dir - straight line, f/p - worker ant
Aim: a worker ant (heavily wounded, chance to defeat MR: 89%)
The worker ant writhes in agony!
The worker ant completely misses you.
You take 1 damage, and have 19/28 hp.
You now have 11/14 mp.
Casting: Pain
Confirm with . or Enter, or press ? or * to list all spells.
Aiming: Vampiric Draining
Press: ? - help, Shift-Dir - straight line, f/p - worker ant
Aim: a worker ant (severely wounded)
You kill the worker ant!
You feel life coursing into your body.
You regained 3 hp, and now have 22/28 hp.
You now have 8/14 mp.
You see here a worker ant corpse.
You butcher the worker ant corpse.
f - a chunk of flesh Magic restored.
e - a scroll of blinking Health restored: 28; MP restored: 14
Found 2 scrolls labeled KEEMIR KUNKOYNKOIMM.
Found a scroll labeled KEEMIR KUNKOYNKOIMM.
Found Paafol's Magic Scroll Shop.
There is a stone staircase leading up here.
An orc comes into view.
Found a scroll labeled KEEMIR KUNKOYNKOIMM.
An orc comes into view. It is wielding a flail.
The orc shouts! x2; You hear a shout! x2
The ball python skeleton bites you but does no damage.
The ball python skeleton misses you.
An orc comes into view.
You hit the ball python skeleton. You burn the ball python skeleton.
The ball python skeleton is almost destroyed.
The ball python skeleton barely misses you.
The ball python skeleton grabs you.
The ball python skeleton constricts you.
You take 1 damage, and have 27/28 hp.
You hit the ball python skeleton but do no damage.
The ball python skeleton is almost destroyed.
The ball python skeleton bites you but does no damage.
The ball python skeleton constricts you.
A worker ant comes into view.
You take 1 damage, and have 26/28 hp.
You barely miss the ball python skeleton.
The ball python skeleton is almost destroyed.
The ball python skeleton bites you but does no damage.
The ball python skeleton constricts you.
You take 1 damage, and have 25/28 hp.
The worker ant twitches its antennae in your direction.
You hit the ball python skeleton. You burn the ball python skeleton.
You destroy the ball python skeleton!
The orc hits you but does no damage.
An orc comes into view. It is wielding a club.
The orc hits you.
You take 3 damage, and have 22/28 hp.
An orc comes into view. It is wielding a hand axe.
The worker ant barely misses you.
The orc shouts!
Found a stone staircase leading down.
OnekoMk1's ghost (amateur Deep Elf Air Elementalist) comes into view.
It is wielding a weapon of draining.
OnekoMk1's ghost turns its malevolent gaze towards you.
OnekoMk1's ghost casts a spell.
OnekoMk1's ghost puts on a burst of speed!
The orc shouts!
The orc barely misses you. The orc hits you with a club. The orc hits you.
The orc closely misses you.
You take 5 damage, and have 18/28 hp.
The worker ant bites you!
* * * LOW HITPOINT WARNING * * *
The orc closely misses you.
You take 7 damage, and have 11/28 hp.
MASSIVE DAMAGE!!
The orc completely misses you. The worker ant closely misses you.
The orc hits you with a hand axe.
* * * LOW HITPOINT WARNING * * *
You take 5 damage, and have 6/28 hp.
You are feeling hungry.
There is a stone staircase leading up here.
OnekoMk1's ghost hits you.
* * * LOW HITPOINT WARNING * * *
You feel drained. The orc hits you with a hand axe.
You die...

#######?..#.#
##......?∩...#
##.......?.?.#
#............# ...
#...........# ...
#..........# ....
#..........# ...>.
#..@.......#
.....######Woo.....##
..>........aoo.....#
........##..........#
.....##.##.o........#
########..#..........#
#.....###.......(....#
#..###..(........#
##.##...........#


You could see a worker ant, OnekoMk1's ghost and 5 orcs.

Vanquished Creatures
  Jessica (D:3)
  Terence (D:2)
  Natasha (twice) (D:3)
  A worker ant (D:4)
  A hound skeleton (D:4)
  3 gnolls (D:2)
  2 adders
  An ooze (D:2)
  2 worms
  A dart slug (D:3)
  A leopard gecko (D:1)
  3 orcs (D:3)
  A ball python (D:2)
  3 bats
  A giant cockroach (D:2)
  2 goblins
  3 hobgoblins
  4 jackals
  8 kobolds
  2 quokkas (D:2)
  A ball python skeleton (D:4)
  2 frilled lizards
  6 rats
52 creatures vanquished.

Notes
Turn   | Place    | Note
-------+----------+-------------------------------------------
     0 | D:1      | Monsterracer the Deep Elf Necromancer began the quest for the Orb.
     0 | D:1      | Reached XP level 1. HP: 10/10 MP: 6/6
     9 | D:1      | HP: 4/10 [jackal (3)]
    12 | D:1      | Reached skill level 5 in Necromancy
   512 | D:1      | Reached XP level 2. HP: 12/15 MP: 4/8
  1043 | D:2      | Reached XP level 3. HP: 13/19 MP: 2/10
  1123 | D:2      | Reached skill level 6 in Necromancy
  1400 | D:2      | Found a bloodstained altar of Trog.
  1425 | D:2      | Learned a level 3 spell: Vampiric Draining
  1429 | D:2      | Learned a level 3 spell: Regeneration
  1568 | D:2      | Noticed Terence
  1572 | D:2      | Killed Terence
  1572 | D:2      | Reached XP level 4. HP: 21/24 MP: 7/12
  2232 | D:3      | Noticed Natasha
  2239 | D:3      | HP: 12/24 [Natasha (6)]
  2241 | D:3      | Killed Natasha
  2375 | D:3      | Noticed adept's ghost (amateur HOBe)
  2450 | D:3      | Noticed Jessica
  2453 | D:3      | Reached XP level 5. HP: 26/28 MP: 10/14
  2455 | D:3      | Killed Jessica
  2455 | D:3      | Reached skill level 7 in Necromancy
  2635 | D:3      | Noticed Natasha
  2646 | D:3      | Killed Natasha
  2646 | D:3      | Reached skill level 5 in Spellcasting
  2715 | D:3      | Noticed Grinder
  2734 | D:3      | Learned a level 5 spell: Borgnjor's Vile Clutch
  2988 | D:4      | Found Paafol's Magic Scroll Shop.
  3006 | D:4      | Noticed OnekoMk1's ghost (amateur DEAE)
  3015 | D:4      | HP: 11/28 [worker ant (7)]
  3020 | D:4      | HP: 5/28 [OnekoMk1's ghost (2)]
  3020 | D:4      | Slain by an orc

Skill      XL: |  1  2  3  4  5 |
---------------+----------------+-----
Necromancy     | 5 6 7 |  7.4
Spellcasting   | 4 5 |  5.2
Dodging        | |  2.4
Stealth        | |  2.4
Charms         | |  0.8
Earth Magic    | |  0.5

Action                   |  1- 3 |  4- 6 || total
-------------------------+-------+-------++-------
Melee: Unarmed           |       |    12 ||    12
       Short sword       |       |     9 ||     9
       Spear             |       |     2 ||     2
 Cast: Pain              |    43 |    49 ||    92
       Vampiric Draining |       |     4 ||     4
  Use: Scroll            |       |     8 ||     8
  Eat: Chunk             |     2 |     4 ||     6
Armor: Skin              |       |    10 ||    10
       Robe              |       |     5 ||     5
Dodge: Dodged            |     7 |    22 ||    29

Vault maps used:
D:1:      co_arrival_square_in_a_square_in_a_square
D:2:      bloody_trog, uniq_terence
D:3:      uniq_jessica, uniq_natasha, uniq_grinder
D:4:      minmay_temple_entry_mist, serial_shops, shop_scrolls, first_ration,
          kennysheep_small_square
